AoeStats
← NuMa | JuanMan

Hideout

508559889Analyzed
1v1 RM · 10d ago on Sep 23, 2026· 14m 20s· 2 players
Game mode
Random Map
Map size
Tiny (2 player)
Population
200
Speed
Normal
Resources
Standard
Victory
Conquest
Starting age
Dark Age
Ending age
Imperial Age
RankedLock teamsTeams togetherTeam positionsShared explorationLock speedFull tech treeHidden civsTurbo modeCheats
Victory
Defeat
1720
+12
🇨🇴 Danes · Colombia
1625
-12
NuMa | JuanMan
9:15 Feudal Age
9:23 Man-at-Arms
9:52 Double-Bit Axe
14:05 Loom
Konstantín Rokossovski
6:24 Loom
8:45 Feudal Age
8:51 Man-at-Arms
11:18 Double-Bit Axe
13:06 Fletching
Connection lost

Rejoining the realm…

Still unreachable

The connection could not be restored.

Session expired

The server has moved on; the page needs a fresh start.